AoeStats
← Lobo Gélido

Arabia

510364550Analyzed
1v1 RM · 14h ago on Sep 30, 2026· 54m 30s· 2 players
Game mode
Random Map
Map size
Tiny (2 player)
Population
200
Speed
Normal
Resources
Standard
Victory
Conquest
Starting age
Dark Age
Ending age
Imperial Age
RankedLock teamsTeams togetherTeam positionsShared explorationLock speedFull tech treeHidden civsTurbo modeCheats
Victory
Defeat
🇦🇷 Magyars · Argentina
1077
+15
🇵🇪 Muisca · Peru
1048
-15
Lobo Gélido
6:40 Loom
12:04 Feudal Age
15:19 Double-Bit Axe
21:26 Castle Age
19:27 Horse Collar
20:30 Gold Mining
20:34 Stone Mining
21:02 Scale Mail Armor
25:53 Squires
27:21 Wheelbarrow
27:37 Fletching
29:03 Bodkin Arrow
34:43 Imperial Age
32:15 Champi Runner
33:37 Gold Shaft Mining
36:08 Chain Mail Armor
36:42 Conscription
36:15 Champi Warrior
37:29 Plate Mail Armor
40:16 Forging
42:00 Iron Casting
43:07 Elite Champi Warrior
45:01 Herbalism
48:47 Bracer
49:10 Padded Archer Armor
49:44 Elite Skirmisher
53:38 Leather Archer Armor
NachoV
4:53 Loom
11:20 Feudal Age
20:13 Castle Age
18:34 Double-Bit Axe
18:34 Horse Collar
19:06 Gold Mining
19:44 Bloodlines
19:43 Town Watch
20:46 Fletching
21:03 Husbandry
22:11 Padded Archer Armor
23:40 Leather Archer Armor
25:09 Bodkin Arrow
26:12 Ballistics
27:10 Thumb Ring
31:27 Wheelbarrow
34:44 Imperial Age
33:35 Corvinian Army
34:46 Fervor
35:25 Scale Barding Armor
36:56 Chemistry
36:03 Siege Engineers
36:39 Gold Shaft Mining
36:08 Stone Mining
38:42 Bracer
41:56 Treadmill Crane
43:26 Heavy Cavalry Archer
44:31 Conscription
43:32 Elite Magyar Huszar
44:14 Recurve Bow
44:43 Parthian Tactics
44:50 Elite Magyar Huszar
46:40 Ring Archer Armor
46:51 Chain Barding Armor
Connection lost

Rejoining the realm…

Still unreachable

The connection could not be restored.

Session expired

The server has moved on; the page needs a fresh start.